 Dungeon Crawl Stone Soup version 0.20.1-1-g8b1a95d (webtiles) character file.

112 Thyosulf the Poker (level 4, -9/37 HPs)
             Began as a Merfolk Monk on Dec 8, 2017.
             Mangled by Sigmund
             ... wielding a +0 scythe
              (11 damage)
             ... on level 3 of the Dungeon.
             The game lasted 00:11:14 (2626 turns).

Thyosulf the Poker (Merfolk Monk)                   Turns: 2626, Time: 00:11:15

Health: -9/37      AC:  3    Str: 12    XL:     4   Next: 95%
Magic:  4/4        EV: 14    Int:  9    God:
Gold:   130        SH:  0    Dex: 16    Spells: 3/3 levels left

rFire    . . .     SeeInvis .   a - +0 spear
rCold    . . .     Gourm    .   (no shield)
rNeg     . . .     Faith    .   o - +0 leather armour
rPois    .         Spirit   .   (no helmet)
rElec    .         Reflect  .   (no cloak)
rCorr    .         Harm     .   (no gloves)
MR       .....                  (no boots)
Stlth    ++........             p - amulet of magic regeneration
Regen    0.2/turn               (no ring)
MPRegen  0.2/turn               (no ring)

@: no status effects
A: change form in water, swift swim, stealthy swim
a: no special abilities


You were on level 3 of the Dungeon.
You were hungry.

You visited 1 branch of the dungeon, and saw 3 of its levels.

You collected 130 gold pieces.

Inventory:

Hand Weapons
 a - a +0 spear (weapon)
Missiles
 d - 2 tomahawks
 f - 139 stones
 n - 2 exploding tomahawks (quivered)
Armour
 b - a +0 robe
 o - a +0 leather armour (worn)
Jewellery
 p - an amulet of magic regeneration (around neck)
Wands
 j - a wand of iceblast (5/15)
Scrolls
 i - a scroll of identify
Comestibles
 c - 3 bread rations
 g - a royal jelly
 k - 3 chunks of flesh


   Skills:
 + Level 4.2 Fighting
 + Level 5.4 Polearms
 + Level 0.2 Throwing
 + Level 0.1 Armour
 + Level 4.8 Dodging
 + Level 3.3 Stealth


You had 3 spell levels left.
You didn't know any spells.

Dungeon Overview and Level Annotations

Branches:
Dungeon (3/15)

Altars:
Ru

Annotations:
D:3 Sigmund


Message History

The exploding tomahawk explodes!
Sigmund casts a spell.
Sigmund flickers and vanishes!
Deactivating autopickup; reactivate with Ctrl-A.
Throwing (i - inventory. (,) - cycle):
n - 5 exploding tomahawks (quivered)
Press: ? - help, Shift-Dir - straight line You throw an exploding tomahawk.
The exploding tomahawk explodes!
Something hits you.
* * * LOW HITPOINT WARNING * * *
You hear a zap.
You hear a grinding noise.
Throwing (i - inventory. (,) - cycle):
n - 4 exploding tomahawks (quivered)
Press: ? - help, Shift-Dir - straight line You throw an exploding tomahawk.
The exploding tomahawk explodes!
The explosion of tomahawk fragments engulfs something.
Something hits you but does no damage.
Throwing (i - inventory. (,) - cycle):
n - 3 exploding tomahawks (quivered)
Press: ? - help, Shift-Dir - straight line You throw an exploding tomahawk.
The exploding tomahawk explodes!
Something hits you!
You die...

#.......# ..
#####......## .###
...........##.....
..........'..#
###......####
#[.รท...# #...{..#
###)#### #@# #.#
#.# ### #.#
#.####.# #
###.#....####...
+...#.#.).......
#.....#.........
###.###.........


There were no monsters in sight!

Vanquished Creatures
  An orc wizard (D:3)
  3 adders
  An ooze (D:2)
  A worm (D:2)
  4 orcs (D:3)
  A ball python (D:2)
  5 giant cockroaches
  5 goblins
  4 hobgoblins
  A quokka (D:2)
  5 bats
  5 frilled lizards
  4 kobolds
  9 rats
49 creatures vanquished.

Notes
Turn   | Place    | Note
-------+----------+-------------------------------------------
     0 | D:1      | Thyosulf the Merfolk Monk began the quest for the Orb.
     0 | D:1      | Reached XP level 1. HP: 18/18 MP: 1/1
   400 | D:1      | Reached XP level 2. HP: 13/24 MP: 2/2
  1076 | D:2      | Found a sacrificial altar of Ru.
  1253 | D:2      | Reached XP level 3. HP: 25/30 MP: 3/3
  1978 | D:2      | Reached XP level 4. HP: 32/37 MP: 4/4
  2538 | D:3      | Noticed Sigmund
  2575 | D:3      | Reached skill level 5 in Polearms
  2626 | D:3      | Mangled by Sigmund

Skill      XL: |  1  2  3  4 |
---------------+-------------+-----
Fighting       | 4 |  4.2
Stealth        | 3 |  3.3
Polearms       | 5 |  5.4
Throwing       | |  0.2
Armour         | |  0.1
Dodging        | |  4.8

Action                   |  1- 3 |  4- 6 || total
-------------------------+-------+-------++-------
Melee: Spear             |   135 |   111 ||   246
Throw: Stone             |    16 |     4 ||    20
       Tomahawk          |       |     5 ||     5
  Use: Scroll            |       |     4 ||     4
       Potion            |       |     2 ||     2
 Stab: Sleeping          |     8 |       ||     8
  Eat: Chunk             |     3 |     2 ||     5
Armor: Robe              |    10 |     6 ||    16
       Skin              |       |    27 ||    27
       Leather armour    |       |     4 ||     4
Dodge: Dodged            |    37 |    43 ||    80
